AoeStats
← éomer

Golden Pit

510188303Analyzed
1v1 RM · 1d ago on Sep 29, 2026· 41m 33s· 2 players
Game mode
Random Map
Map size
Tiny (2 player)
Population
200
Speed
Normal
Resources
Standard
Victory
Conquest
Starting age
Dark Age
Ending age
Imperial Age
RankedLock teamsTeams togetherTeam positionsShared explorationLock speedFull tech treeHidden civsTurbo modeCheats
Victory
Defeat
🇹🇷 Vikings · Türkiye
1673
+17
🇹🇷 Italians · Türkiye
1685
-17
éomer
6:29 Loom
9:15 Feudal Age
9:46 Double-Bit Axe
19:19 Castle Age
20:32 Bow Saw
23:26 Horse Collar
24:44 Town Watch
30:10 Heavy Plow
33:03 Imperial Age
30:35 Fletching
31:13 Treadmill Crane
31:35 Bodkin Arrow
31:41 Padded Archer Armor
32:58 Ballistics
33:34 Leather Archer Armor
32:43 Elite Skirmisher
34:45 Chemistry
35:10 Ring Archer Armor
35:41 Masonry
36:00 Bracer
37:27 Conscription
37:19 Squires
37:20 Scale Mail Armor
38:38 Chain Mail Armor
38:37 Forging
38:29 Gold Mining
38:37 Stone Mining
38:40 Elite Berserk
40:24 Plate Mail Armor
40:49 Iron Casting
40:03 Arson
41:17 Chieftains
sinx
6:24 Loom
8:40 Feudal Age
9:48 Double-Bit Axe
15:15 Fletching
23:16 Castle Age
22:21 Horse Collar
22:32 Gold Mining
23:23 Crossbowman
23:59 Bodkin Arrow
28:02 Wheelbarrow
33:50 Imperial Age
31:36 Stone Mining
31:57 Bow Saw
32:24 Ballistics
32:20 Padded Archer Armor
32:35 Town Watch
33:40 Leather Archer Armor
35:35 Chemistry
35:03 Scale Mail Armor
35:05 Bracer
37:02 Squires
37:34 Scale Mail Armor
37:45 Forging
38:50 Forging
40:18 Chain Mail Armor
41:10 Iron Casting
Connection lost

Rejoining the realm…

Still unreachable

The connection could not be restored.

Session expired

The server has moved on; the page needs a fresh start.